 Dungeon Crawl Stone Soup version 0.29-a0-517-gbdf32494f2 (webtiles) character file.

Game seed: 6429737962658395437

242 purpskrrrp the Shield-Bearer (level 6, 0/48 HPs)
             Began as a Formicid Fighter on May 30, 2022.
             Slain by Ijyb
             ... wielding a +0 club
              (5 damage)
             ... on level 3 of the Dungeon.
             The game lasted 00:09:11 (2316 turns).

purpskrrrp the Shield-Bearer (Formicid Fighter)     Turns: 2316, Time: 00:09:11

Health: 0/48       AC:  4    Str: 29    XL:     6   Next: 30%
Magic:  6/6        EV: 10    Int:  7    God:
Gold:   71         SH:  5    Dex: 10    Spells: 5/5 levels left

rFire   . . .      SeeInvis +   p - +0 scythe (flame)
rCold   . . .      Faith    .   c - +0 buckler
rNeg    . . .      Spirit   .   b - +0 scale mail
rPois   .          Reflect  .   (helmet unavailable)
rElec   .          Harm     .   f - +0 cloak
rCorr   .          Rampage  .   (no gloves)
Will    .....                   (no boots)
Stlth   ..........              (no amulet)
HPRegen 0.16/turn               e - +6 ring of strength
MPRegen 0.10/turn               (no ring)

@: corroded
A: permanent stasis, dig shafts and tunnels, antennae 3, four strong arms
a: Dig, Shaft Self


You were on level 3 of the Dungeon.
You visited 1 branch of the dungeon, and saw 3 of its levels.

You collected 71 gold pieces.

Inventory:

Hand Weapons
 a - a +0 spectral quarterstaff
 p - a +0 scythe of flaming (weapon)
Armour
 b - a +0 scale mail (worn)
 c - a +0 buckler (worn)
 f - a +0 cloak (worn)
Magical Staves
 n - a staff of cold
Jewellery
 e - a +6 ring of strength (left hand)
Scrolls
 k - a scroll of teleportation
Potions
 d - a potion of might
 h - 3 potions of heal wounds
 i - 2 potions of curing


   Skills:
 + Level 4.1 Fighting
 + Level 3.9 Staves
 + Level 4.6 Armour
 + Level 1.1 Dodging
 + Level 5.0 Shields


You had 5 spell levels left.
You didn't know any spells.
Your spell library contained the following spells:

 Spells                   Type           Power      Damage    Failure   Level
 Magic Dart               Conj           0%         1d3       75%         1
 Call Imp                 Summ           0%         N/A       87%         2
 Mephitic Cloud           Conj/Pois/Air  0%         N/A       98%         3


Dungeon Overview and Level Annotations

Branches:
Dungeon (3/15)

Altars:
Cheibriados

Annotations:
D:3 Ijyb


Innate Abilities, Weirdness & Mutations

You cannot be hasted, slowed, berserked, paralysed or teleported.
You can dig through walls and to a lower floor.
You have a pair of large antennae on your head. (SInv)
Your four strong arms can wield two-handed weapons with a shield.


Message History

You slash the rat! You burn the rat.
You kill the rat!
You see here a rat corpse.
An endoplasm comes into view.
You slash the endoplasm! You burn the endoplasm.
You kill the endoplasm!
You see here a rat corpse.
Done exploring.
Done exploring.
You see here a rat corpse.
There is a stone staircase leading up here.
You see here a +0 club.
You see here a +0 falchion.
There is a stone staircase leading down here.
You climb downwards.
Ijyb shouts!
There is a stone staircase leading up here.
You barely miss the ball python. You block the ball python's attack. x2
Ijyb screams, "Me stronger than you!"
The ball python bites you but does no damage.
The ball python grabs you. The ball python constricts you.
You barely miss the ball python. The ball python barely misses you.
The ball python constricts you. The ball python closely misses you.
The ball python constricts you.
You slice the ball python!! You burn the ball python.
You kill the ball python!
Ijyb hits you with a +0 club.
You barely miss Ijyb.
Ijyb zaps a wand.
The bolt of acid hits you!!
Ouch! That really hurt!
* * * LOW HITPOINT WARNING * * *
The acid corrodes you! Ijyb hits you with a +0 club.
* * * LOW HITPOINT WARNING * * *
You hit Ijyb. You burn Ijyb.
Ijyb is lightly wounded.
Ijyb zaps a wand.
The bolt of acid misses you. Ijyb hits you with a +0 club.
* * * LOW HITPOINT WARNING * * *
You closely miss Ijyb.
Ijyb is lightly wounded.
Ijyb hits you but does no damage. Ijyb hits you with a +0 club.
You die...

#########
#.....<.#
#.....@.#
#.....g.#
#.......#
#.......#
.........#
##.......#
#.......#
..##.####


You could see Ijyb.

Vanquished Creatures
  Sigmund (D:2)
  2 adders (D:2)
  3 worms (D:2)
  A dart slug (D:2)
  9 endoplasms
  4 giant cockroaches
  5 goblins
  2 hobgoblins (D:1)
  3 jackals (D:1)
  7 quokkas
  5 ball pythons
  4 bats (D:2)
  5 frilled lizards
  4 kobolds
  3 rats
58 creatures vanquished.

Notes
Turn   | Place    | Note
-------+----------+-------------------------------------------
     0 | D:1      | purpskrrrp the Formicid Fighter began the quest for the
                  | Orb.
     0 | D:1      | Reached XP level 1. HP: 18/18 MP: 1/1
   202 | D:1      | Reached XP level 2. HP: 23/24 MP: 2/2
   594 | D:1      | Reached XP level 3. HP: 29/29 MP: 3/3
   607 | D:1      | Found a faded altar of an unknown god.
  1560 | D:2      | Found a snail-covered altar of Cheibriados.
  1721 | D:2      | Reached XP level 4. HP: 37/37 MP: 4/4
  2040 | D:2      | Noticed Sigmund
  2045 | D:2      | Killed Sigmund
  2046 | D:2      | Reached skill level 1 in Dodging
  2046 | D:2      | Reached skill level 5 in Shields
  2046 | D:2      | Reached XP level 5. HP: 33/42 MP: 5/5
  2046 | D:2      | Reached XP level 6. HP: 38/48 MP: 6/6
  2309 | D:3      | Noticed Ijyb
  2316 | D:3      | Slain by Ijyb

Illustrated notes

Levels and vault maps discovered:
D:1:      grunt_arrival_lava_bath, layout_rooms,
          shapermc_ecumenical_altar_mp_vishouse, item_on_display_a
D:2:      minmay_recursive_quarters, layout_loops_cross, basic_altar,
          uniq_sigmund
D:3:      layout_rooms, gammafunk_ghost_cemetery, uniq_grinder, uniq_ijyb

Skill      XL: |  1  2  3  4 |
---------------+-------------+-----
Armour         | 4 |  4.6
Fighting       | 4 |  4.1
Staves         | 3 |  3.9
Dodging        | 1 |  1.1
Shields        | 5 |  5.0

Action                   |  1- 3 |  4- 6 || total
-------------------------+-------+-------++-------
Melee: Quarterstaff      |    90 |    31 ||   121
       Scythe            |       |     8 ||     8
 Abil: Dig               |     3 |       ||     3
  Use: Scroll            |     4 |     6 ||    10
Armor: Scale mail        |    45 |    12 ||    57
Dodge: Dodged            |    60 |    11 ||    71
Block: Buckler           |    21 |     7 ||    28

Table legend: (Time is in decaauts)
 A = Elapsed time spent in this place.
 B = Non-inter-level travel time spent in this place.
 C = Inter-level travel time spent in this place.
 D = Time resting spent in this place.
 E = Time spent auto-exploring this place.
 F = Levels seen in this place.
 G = Mean time per level.
                   A        B        C        D        E       F      G
               +--------+--------+--------+--------+--------+-----+--------+
         Total |   2347 |   2019 |    328 |    513 |   1120 |   3 |  782.3 |
       Dungeon |   2347 |   2019 |    328 |    513 |   1120 |   3 |  782.3 |
               +--------+--------+--------+--------+--------+-----+--------+

Top non-repeatable levels by time:
     D:1: 1391 daAuts
     D:2: 945 daAuts
     D:3: 11 daAuts
